 Dungeon Crawl Stone Soup version 0.20-a0-1040-gfd09691 (webtiles) character file.

299 Gorglomux the Cudgeler (level 6, -1/44 HPs)
             Began as a Formicid Warper on Apr 23, 2017.
             Was an Initiate of Cheibriados.
             Slain by a scorpion (7 damage)
             ... on level 4 of the Dungeon.
             The game lasted 00:04:39 (2793 turns).

Gorglomux the Cudgeler (Formicid Warper)            Turns: 2793, Time: 00:04:40

Health: -1/44      AC:  6    Str: 15 (17) XL:     6   Next: 63%
Magic:  9/9        EV: 11    Int: 15 (18) God:    Cheibriados [......]
Gold:   159        SH:  0    Dex: 11 (13) Spells: 9/9 levels left

rFire    . . .     SeeInvis +   a - +0 mace
rCold    . . .     Gourm    .   (no shield)
rNeg     . . .     Faith    .   b - +0 leather armour
rPois    .         Spirit   .   (helmet unavailable)
rElec    .         Reflect  .   o - +1 cloak
rCorr    .         Harm     .   (no gloves)
MR       .....                  h - +0 pair of boots
Stlth    +.........             n - amulet of regeneration {+regen, !d}
Regen    0.6/turn               (no ring)
MPRegen  0.2/turn               (no ring)

@: brilliant, lethally poisoned (-1 -> -2), very slow
A: permanent stasis, dig shafts and tunnels, four strong arms, antennae 3
a: Dig, Shaft Self, Bend Time, Renounce Religion


You were on level 4 of the Dungeon.
You worshipped Cheibriados.
Cheibriados was noncommittal.
You were not hungry.

You visited 1 branch of the dungeon, and saw 4 of its levels.

You collected 159 gold pieces.

Inventory:

Hand Weapons
 a - a +0 mace (weapon)
Missiles
 e - 5 tomahawks of dispersal {=f}
Armour
 b - a +0 leather armour (worn)
 h - a +0 pair of boots (worn)
   (You found it on level 1 of the Dungeon)
 o - a +1 cloak (worn)
   (You found it on level 2 of the Dungeon)
Jewellery
 n - an amulet of regeneration (around neck) {+regen, !d}
   (You found it on level 2 of the Dungeon)
Wands
 m - a wand of flame (0/48)
   (You took it off Ijyb on level 4 of the Dungeon)
Scrolls
 g - 2 scrolls of identify
 s - a scroll of magic mapping {unknown}
 v - a scroll of fog {unknown}
Potions
 i - a potion of magic {unknown}
 l - a potion of might {unknown}
 p - a potion of haste
 r - a potion of lignification {unknown}
 u - a potion of curing {unknown}
Books
 c - a book of Spatial Translocations
Comestibles
 f - 4 bread rations {@e1@e1}
 j - 5 fruits
 k - a meat ration {@e2@e2}
 q - 6 chunks of flesh {@w0@w0}


   Skills:
 - Level 2.1 Fighting
 + Level 6.5 Maces & Flails
 - Level 1.0 Throwing
 - Level 1.1 Armour
 - Level 1.7 Dodging
 - Level 2.1 Spellcasting
   Level 2.6 Translocations


You had 9 spell levels left.
You didn't know any spells.

Dungeon Overview and Level Annotations

Branches:
Dungeon (4/15)
 Temple: D:4-7

Altars:
Cheibriados
Sif Muna

Shops:
D:4 *

Annotations:
D:3 Natasha; graki42's ghost, amateur MiFi


Innate Abilities, Weirdness & Mutations

You cannot be hasted, slowed, berserked, paralysed or teleported.
You can dig through walls and to a lower floor.
Your four strong arms can wield two-handed weapons with a shield.
You have a pair of large antennae on your head. (SInv)


Message History

You take 6 damage, and have 31/44 hp.
You hit the scorpion. The scorpion barely misses you.
You hit the scorpion. The scorpion closely misses you.
You closely miss the scorpion. The scorpion stings you.
You take 5 damage, and have 27/44 hp.
You barely miss the scorpion. The scorpion stings you.
You are poisoned.
The scorpion poisons you!
You hit the scorpion.
You feel sick. The scorpion stings you.
You take 1 damage, and have 26/44 hp.
You are too injured to fight recklessly!
You are too injured to fight recklessly!
You barely miss the scorpion.
You feel sick. The scorpion stings you!
You take 8 damage, and have 18/44 hp.
You are too injured to fight recklessly!
You are too injured to fight recklessly!
You barely miss the scorpion.
You feel sick. The scorpion misses you.
You barely miss the scorpion. The scorpion barely misses you.
You are too injured to fight recklessly!
Unknown command.
You barely miss the scorpion.
You feel sick. The scorpion stings you.
* * * LOW HITPOINT WARNING * * *
The scorpion barely misses you.
You take 6 damage, and have 12/44 hp.
You closely miss the scorpion. The scorpion closely misses you.
You hit the scorpion.
You kill the scorpion!
Cheibriados appreciates the change of pace.
You feel sick.
You take 1 damage, and have 12/44 hp.
You start resting.
You feel sick. x5
You are no longer poisoned.
You regained 4 hp, and now have 17/44 hp.
You start resting.
Health restored: 44
There is a stone staircase leading down here.
There is a stone staircase leading down here.
A jackal zombie comes into view.
A jackal zombie is nearby!
A jackal zombie is nearby!
You hit the jackal zombie. The jackal zombie barely misses you.
The jackal zombie bites you but does no damage.
You sock the jackal zombie!
You destroy the jackal zombie!
Cheibriados appreciates the change of pace.
No target in view!
No target in view!
No target in view!
No target in view!
No target in view!
No target in view!
No target in view!
No target in view!
No target in view!
No target in view!
Wear which item (? for menu, Esc to quit)
Okay, then.
Some of the chunks of flesh in your inventory have rotted away.
You see here a buckler.
Found a stone staircase leading up.
You see here a flail.
An ogre comes into view. It is wielding a giant club.
The ogre shouts!
A scorpion comes into view.
Aim: an ogre, wielding a giant club Nothing appears to happen.
Okay, then.
Okay, then.
As you read the scroll labeled MIUFOW NEIS JAA, it crumbles to dust.
It is a scroll of identify.
p - a potion of haste It was a potion of degeneration.
There was something very wrong with that liquid.
You feel weakened.
You feel dopey.
You feel clumsy.
It was a potion of brilliance.
You feel clever all of a sudden.
You barely miss the ogre. The ogre barely misses you.
You thump the ogre! The ogre closely misses you.
You sock the ogre! The ogre closely misses you.
You hit the ogre but do no damage. The ogre hits you with a giant club!
You take 11 damage, and have 33/44 hp.
MASSIVE DAMAGE!!
You barely miss the ogre. You barely miss the ogre.
The ogre hits you with a giant club!
You take 8 damage, and have 25/44 hp.
You barely miss the ogre.
The scorpion stings you but does no damage.
The ogre misses you.
Unknown command.
You hit the ogre. The scorpion stings you!
You are poisoned.
The scorpion poisons you! The ogre hits you with a giant club!
* * * LOW HITPOINT WARNING * * *
You take 20 damage, and have 6/44 hp.
MASSIVE DAMAGE!!
You barely miss the ogre.
You feel sick. The scorpion stings you!
You die...

####### ....... .......
###
[s.....###############.##
......<.O@)......[....(.#
........s.....###.####.##
..............##...###.#
!.......##.#..#.....##.# .
.#
.#.......#.#.........#.#
##..##
....###..#.#.........(.###
#..... ....
#..#.#.............. #...#
... ###................###
#...# ......#............#


You could see an ogre and a scorpion.

Vanquished Creatures
  An ogre (D:4)
  A scorpion (D:4)
  An orc wizard (D:4)
  Ijyb (D:4)
  6 adders
  An ooze (D:1)
  A worm (D:2)
  A dart slug (D:2)
  4 leopard geckos
  2 orcs (D:4)
  A ball python (D:3)
  2 bats
  3 giant cockroaches
  3 goblins
  7 hobgoblins
  A quokka (D:3)
  5 frilled lizards
  A jackal zombie (D:4)
  6 kobolds
  A leopard gecko skeleton (D:4)
  4 rats
53 creatures vanquished.

Notes
Turn   | Place    | Note
-------+----------+-------------------------------------------
     0 | D:1      | Gorglomux the Formicid Warper began the quest for the Orb.
     0 | D:1      | Reached XP level 1. HP: 16/16 MP: 3/3
   331 | D:1      | Reached XP level 2. HP: 17/22 MP: 5/5
   456 | D:1      | Reached skill level 3 in Maces & Flails
   654 | D:1      | Reached XP level 3. HP: 13/27 MP: 6/6
  1328 | D:2      | Reached skill level 4 in Maces & Flails
  1328 | D:2      | Reached XP level 4. HP: 33/33 MP: 7/7
  1976 | D:3      | Noticed Natasha
  2032 | D:3      | Noticed graki42's ghost (amateur MiFi)
  2100 | D:3      | Reached XP level 5. HP: 38/38 MP: 8/8
  2172 | D:3      | Found a deep blue altar of Sif Muna.
  2180 | D:3      | Found a snail-covered altar of Cheibriados.
  2193 | D:3      | Became a worshipper of Cheibriados the Contemplative
  2359 | D:4      | Found Muuledo's Merry Market.
  2362 | D:4      | Noticed Ijyb
  2402 | D:4      | Killed Ijyb
  2402 | D:4      | Reached skill level 5 in Maces & Flails
  2616 | D:4      | Noticed an ogre
  2622 | D:4      | Killed an ogre
  2622 | D:4      | Reached skill level 6 in Maces & Flails
  2622 | D:4      | Reached XP level 6. HP: 44/44 MP: 9/9
  2778 | D:4      | Noticed an ogre
  2792 | D:4      | HP: 6/44 [ogre/giant club (13)]
  2793 | D:4      | Slain by a scorpion

Vault maps used:
D:1:      dpeg_arrival_concentric_ovals, minivault_24
D:2:      first_bread
D:3:      minmay_goblin_kobold_castle, amethyst_overflow_temple_binary,
          dancing_weapons_uskayaw, chequers_ecumenical_altar_simple_redux,
          uniq_natasha, uniq_grinder
D:4:      grunt_dithmenos_smoke, nicolae_alphabet_shops, uniq_ijyb

Skill      XL: |  1  2  3  4  5 |
---------------+----------------+-----
Maces & Flails | 3 4 6 |  6.5
Fighting       | |  2.1
Throwing       | |  1.0
Armour         | |  1.1
Dodging        | |  1.7
Spellcasting   | |  2.1
Translocations | |  2.6

Action                   |  1- 3 |  4- 6 || total
-------------------------+-------+-------++-------
Melee: Mace              |    83 |   185 ||   268
 Abil: Dig               |       |     4 ||     4
Evoke: Wand              |       |     1 ||     1
  Use: Potion            |       |     4 ||     4
       Scroll            |       |     1 ||     1
  Eat: Chunk             |     1 |     6 ||     7
Armor: Leather armour    |    18 |    48 ||    66
Dodge: Dodged            |    52 |   127 ||   179

Vault maps used:
D:1:      dpeg_arrival_concentric_ovals, minivault_24
D:2:      first_bread
D:3:      minmay_goblin_kobold_castle, amethyst_overflow_temple_binary,
          dancing_weapons_uskayaw, chequers_ecumenical_altar_simple_redux,
          uniq_natasha, uniq_grinder
D:4:      grunt_dithmenos_smoke, nicolae_alphabet_shops, uniq_ijyb

Table legend:
 A = Turns spent in this place as a percentage of turns spent in the entire game.
 B = Non-inter-level travel turns spent in this place as a percentage of non-inter-level travel turns spent in the entire game.
 C = Inter-level travel turns spent in this place as a percentage of turns spent in this place.
 D = Turns resting spent in this place as a percentage of non-inter-level travel turns spent in this place.
 E = Turns spent auto-exploring this place as a percentage of non-inter-level travel turns spent in this place.
 F = Non-inter-level travel turns spent in this place divided by the number of levels of this place that you've seen.
                   A       B       C       D       E      F
               +-------+-------+-------+-------+-------+----------------------
         Total | 100.0 | 100.0 |   0.6 |   2.7 |  10.1 | 207.2
       Dungeon | 100.0 | 100.0 |   0.6 |   2.7 |  10.1 | 207.2
               +-------+-------+-------+-------+-------+----------------------

Table legend:
 A = Kills in this place as a percentage of kills in entire the game.
 B = Kills by you in this place as a percentage of kills by you in the entire game.
 C = Kills by friends in this place as a percentage of kills by friends in the entire game.
 D = Other kills in this place as a percentage of other kills in the entire game.
 E = Experience gained in this place as a percentage of experience gained in the entire game.
 F = Experience gained in this place divided by the number of levels of this place that you have seen.
                   A       B       C       D       E      F
               +-------+-------+-------+-------+-------+----------------------
         Total | 100.0 | 100.0 |  -nan |  -nan | 100.0 | 107.0
       Dungeon | 100.0 | 100.0 |  -nan |  -nan | 100.0 | 107.0
               +-------+-------+-------+-------+-------+----------------------
